 Dungeon Crawl Stone Soup version 0.26-a0-835-g8259106e14 (webtiles) character file.

Game seed: 11042073857109147010

19908 robertstho the Frost Mage (level 12, -1/89 HPs)
             Began as a White Draconian Ice Elementalist on Nov 17, 2020.
             Was a High Priest of Sif Muna.
             Slain by a wolf spider (20 damage)
             ... in a Gauntlet.
             The game lasted 00:36:14 (16327 turns).

robertstho the Frost Mage (DrIE)                   Turns: 16327, Time: 00:36:14

Health: -1/89      AC:  3    Str: 18    XL:     12   Next: 40%
Magic:  6/27       EV: 13    Int: 20    God:    Sif Muna [*****.]
Gold:   558        SH:  5    Dex: 11    Spells: 17/34 levels left

rFire    . . .     SeeInvis .   t - staff of cold
rCold    + + .     Faith    .   (no shield)
rNeg     . . .     Spirit   .   (armour unavailable)
rPois    .         Reflect  +   (helmet restricted)
rElec    .         Harm     .   N - +0 cloak "Wecydoefu" {Regen+ Stlth+}
rCorr    .         Rampage  .   C - +0 pair of gloves
MR       .....     NoTele   +   j - +0 pair of boots
Stlth    +++.......             E - amulet of reflection
HPRegen  0.64/turn              r - +6 ring of strength
MPRegen  0.20/turn              x - +4 ring of slaying

@: corroded, frozen ramparts
A: breathe frost, unfitting armour, cold resistance 1, cold-blooded, AC +8
a: Breathe Frost, Channel Magic, Forget Spell, Divine Exegesis, Renounce
Religion


You were in a Gauntlet.
You worshipped Sif Muna.
Sif Muna was extremely pleased with you.
You visited 2 branches of the dungeon, and saw 14 of its levels.
You also visited: Gauntlet.

You collected 888 gold pieces.
You spent 330 gold pieces at shops.

Inventory:

Hand Weapons
 m - a +3 short sword of venom
 H - the +1 short sword "Xumm" {vorpal, rN+ Int+3 Dex+3}
   (You found it in a Gauntlet)

   It inflicts extra damage upon your enemies.
   It affects your intelligence (+3).
   It affects your dexterity (+3).
   It protects you from negative energy.
 K - a +0 scimitar of flaming
Missiles
 n - 56 poisoned darts (quivered)
Armour
 j - a +0 pair of boots (worn)
 C - a +0 pair of gloves (worn)
 M - a scarf of invisibility
 N - the +0 cloak "Wecydoefu" (worn) {Regen+ Stlth+}
   (You found it in a Gauntlet)

   It increases your rate of regeneration.
   It makes you more stealthy.
Magical Staves
 t - an uncursed staff of cold (weapon)
Jewellery
 e - an uncursed ring of see invisible
 p - an uncursed ring of fire
 r - a +6 ring of strength (left hand)
 x - a +4 ring of slaying (right hand)
 B - an uncursed ring of fire
 E - an amulet of reflection (around neck)
Wands
 h - a wand of polymorph (10)
 y - a wand of iceblast (29)
 F - a wand of flame (11)
Scrolls
 b - 4 scrolls of magic mapping
 g - 6 scrolls of amnesia {unknown}
 k - 3 scrolls of remove curse
 l - 4 scrolls of noise {unknown}
 q - 6 scrolls of teleportation {unknown}
 s - 2 scrolls of fog
 u - 3 scrolls of enchant weapon
 v - 4 scrolls of enchant armour
 w - 2 scrolls of fear
 G - a scroll of immolation
 L - a scroll of blinking
Potions
 c - 10 potions of curing
 d - a potion of magic
 f - a potion of ambrosia
 i - 4 potions of heal wounds
 o - 2 potions of flight
 z - 2 potions of haste
 A - a potion of cancellation
 D - 2 potions of resistance
 I - 3 potions of attraction
 J - a potion of mutation


   Skills:
 + Level 3.2 Fighting
 + Level 0.1 Short Blades
 + Level 4.1 Staves
 + Level 4.0 Dodging
 + Level 4.0 Stealth
 + Level 2.1 Shields
 * Level 11.5 Spellcasting
 + Level 0.5 Conjurations
 + Level 3.4 Summonings
 * Level 14.9 Ice Magic
 * Level 6.8 Invocations


You had 17 spell levels left.
You knew the following spells:

 Your Spells              Type           Power        Failure   Level
a - Freeze                Ice            ####         0%          1
b - Frozen Ramparts       Ice            ######       1%          3
c - Ozocubu's Armour      Ice            #######.     1%          3
d - Hailstorm             Conj/Ice       ######..     2%          4
e - Summon Ice Beast      Ice/Summ       ######..     1%          4
f - Searing Ray           Conj           ##....       8%          2

Your spell library contained the following spells:

 Spells                   Type           Power        Failure   Level
 Ozocubu's Refrigeration  Ice            #######...   1%          6
 Ice Form                 Ice/Tmut       ######..     2%          4
 Magic Dart               Conj           ##..         4%          1
 Foxfire                  Conj/Fire      ##..         5%          1
 Beastly Appendage        Tmut           ##....       6%          1
 Metabolic Englaciation   Hex/Ice        ######....   8%          5
 Wereblood                Tmut           ##......     9%          2
 Conjure Flame            Conj/Fire      ##......     16%         3
 Dazzling Flash           Conj/Hex       ##....       16%         3
 Inner Flame              Hex/Fire       ##......     19%         3
 Spider Form              Tmut/Pois      ##........   19%         3
 Teleport Other           Tloc           ##......     19%         3
 Fulminant Prism          Conj/Hex       ##........   47%         4
 Iskenderun's Mystic Bla  Conj/Tloc      ##......     47%         4
 Sticky Flame             Conj/Fire      ##......     47%         4
 Summon Forest            Summ/Tloc      ###.......   63%         5
 Fireball                 Conj/Fire      ##........   83%         5
 Agony                    Necr           ##......     86%         5
 Alistair's Intoxication  Tmut/Pois      ##.......    86%         5
 Blade Hands              Tmut           ##........   86%         5
 Borgnjor's Vile Clutch   Necr/Erth      ##........   86%         5
 Dragon Form              Tmut           ##........   100%        7
 Infestation              Necr           ##........   100%        8
 Death's Door             Necr           ##........   100%        9


Dungeon Overview and Level Annotations

Branches:
Dungeon (10/15)            Temple (0/1) D:6            Lair (4/6) D:8
 Shoals (0/4) Lair:3       Spider (0/4) Lair:4          Orc (0/2) D:10
Gauntlet (1/1)

Altars:
Ashenzari
Cheibriados
Dithmenos
Kikubaaqudgha
Sif Muna
Trog
Vehumet
Zin

Shops:
D:7 =   D:10 [

Annotations:
D:4 Grinder, Grinder
D:5 3 runed translucent doors, CzarTim's ghost, novice MiFi; Sun's ghost, weakling KoDe; zarzak's ghost, novice OpFi
D:7 2 transporters, xraymikek's ghost, novice DrFE Gauntlet 11 transporters, 16 runed translucent doors


Innate Abilities, Weirdness & Mutations

You can breathe waves of freezing cold.
You can buffet flying creatures when you breathe cold.
Your icy white scales are hard. (AC +8)
You cannot fit into any form of body armour.
Your flesh is cold resistant. (rC+)
You are cold-blooded and may be slowed by cold attacks.


Message History

The walls around you are covered in ice.
The wall freezes the wolf spider.
The wolf spider misses you. The wolf spider bites you!
The white imp sputters.
The wall freezes the wolf spider.
The wall freezes the wolf spider!
The wolf spider hits you but does no damage.
You block the wolf spider's attack.
The entropy weaver completely resists.
The wall freezes the entropy weaver but do no damage.
The wall freezes the wolf spider.
Casting: Frozen Ramparts (safe; 1% risk of failure)
Confirm with . or Enter, or press ? or * to list all spells.
You feel a surge of power! A chill wind blows around you.
The wall freezes the wolf spider.
The wolf spider hits you! The wolf spider bites you!
* * * LOW HITPOINT WARNING * * *
The entropy weaver resists.
The wall freezes the entropy weaver.
The entropy weaver casts a spell at you.
The entropic weave corrodes you!
The wall freezes the wolf spider.
The wolf spider hits you!!
You die...

.........#.#.#.B.......#..#
.##...##.#.#.#..##.##..#..#
..##.##..#.#.#.##...##.#..#####
...#.#...#.#.#.#.....#.#..#≈8≈#
....©#..©#©#.#....©....#..#...#
...#.#...###.#.#.....#.####.8.#
..##.##..#...#.##...##.#©.....##.
.##...##.#.§.#.Y##B##..####.8....
.........#.§§#..@s©.$..#..#...#
##########§§§###########..#.8.#
...........§§............≈#...#
..........§8≈............∩#.8....
...........≈.............≈#...##.
##########...###########..#.8.#
..z#z#...#...#^.5..##©##..#...#
..#...#..#...#.^###.##.####.8...
z##...##=#...#2##5##.#.#©.....##


You could see an entropy weaver, a wolf spider, a white imp and a friendly ice
beast (summoned).

Vanquished Creatures
  A hydra (Lair:3)
  Erica (Lair:1)
  Urug (Lair:3)
  Pikel (D:7)
  An ugly thing (D:6)
  A black mamba (Lair:2)
  8 cane toads
  An eye of devastation (Gauntlet)
  A rime drake (Lair:4)
  5 komodo dragons
  A polar bear (Lair:3)
  A wind drake (Lair:3)
  6 blink frogs
  A redback (Gauntlet)
  4 wyverns
  9 yaks
  A basilisk (Lair:3)
  Eustachio (D:4)
  5 water moccasins
  2 wargs (D:8)
  A floating eye (Gauntlet)
  2 ice beasts
  3 orc warriors
  A phantom (D:9)
  A necrophage (D:7)
  5 sky beasts
  8 ogres
  6 wolves
  3 centaurs
  3 lemures (D:7)
  11 bullfrogs
  A scorpion (D:7)
  A wyvern skeleton (D:9)
  5 killer bees (D:10)
  9 wights
  6 howler monkeys
  A crimson imp (D:7)
  A bullfrog zombie (D:7)
  6 hounds
  A centaur zombie (D:5)
  A jelly (D:10)
  5 orc priests
  A centaur skeleton (D:4)
  A gnoll shaman (D:9)
  A bullfrog skeleton (D:6)
  Natasha (D:2)
  An iguana (D:5)
  7 orc wizards
  9 worker ants
  A nameless horror (D:8)
  14 adders
  8 gnolls
  3 shadow imps
  5 white imps
  2 ufetubi
  An ooze (D:4)
  2 adder skeletons
  5 worms
  A dart slug (D:5)
  6 leopard geckos
  30 orcs
  4 ball pythons
  7 giant cockroaches
  7 goblins
  12 hobgoblins
  3 jackals (D:5)
  10 kobolds
  3 quokkas
  4 bats
  4 frilled lizards
  A leopard gecko zombie (D:7)
  2 quokka skeletons
  4 rats
293 creatures vanquished.

Vanquished Creatures (collateral kills)
  2 hydras
  A necromancer (Gauntlet)
  An ugly thing (D:10)
  A manticore (Lair:3)
  2 yaks (Lair:1)
  A warg (D:8)
  An orc warrior (D:10)
  An ice beast (D:6)
  An ogre (D:10)
  5 wolves
  A big kobold (D:9)
  2 bullfrogs
  4 wights
  An electric eel (D:7)
  2 orc wizards
  A worker ant zombie (D:7)
  A shadow imp (D:10)
  An adder zombie (D:9)
  An orc (D:10)
30 creatures vanquished.

Vanquished Creatures (others)
  A wight (D:8)
  An adder (D:3)
  A rat (D:3)
  11 fungi
  12 plants
26 creatures vanquished.

Grand Total: 349 creatures vanquished

Notes
Turn   | Place    | Note
-------+----------+-------------------------------------------
     0 | D:1      | robertstho the Draconian Ice Elementalist began the quest
                  | for the Orb.
     0 | D:1      | Reached XP level 1. HP: 14/14 MP: 3/3
   441 | D:1      | Reached XP level 2. HP: 15/20 MP: 5/5
  1300 | D:2      | Reached XP level 3. HP: 26/26 MP: 2/6
  1304 | D:2      | Learned a level 3 spell: Frozen Ramparts
  1492 | D:2      | Noticed Natasha
  1498 | D:2      | Reached skill level 5 in Ice Magic
  1498 | D:2      | Killed Natasha
  1499 | D:2      | Reached XP level 4. HP: 24/33 MP: 2/7
  2161 | D:2      | Found a shimmering blue altar of Sif Muna.
  2243 | D:2      | Became a worshipper of Sif Muna the Loreminder
  2472 | D:3      | Reached XP level 5. HP: 38/38 MP: 5/9
  2774 | D:3      | Found a radiant altar of Vehumet.
  2898 | D:3      | Found a shadowy altar of Dithmenos.
  2982 | D:3      | Found a shadowy altar of Dithmenos.
  3279 | D:3      | Reached * piety under Sif Muna
  3511 | D:4      | Noticed Grinder
  3512 | D:4      | Paralysed by Grinder for 4 turns
  3543 | D:3      | Learned a level 3 spell: Ozocubu's Armour
  3548 | D:3      | Learned a level 4 spell: Hailstorm
  3713 | D:4      | Noticed Eustachio
  3716 | D:4      | Reached skill level 6 in Ice Magic
  3716 | D:4      | Reached XP level 6. HP: 32/45 MP: 7/11
  3726 | D:4      | Killed Eustachio
  3876 | D:4      | Paralysed by Grinder for 7 turns
  4159 | D:5      | Entered Level 5 of the Dungeon
  4222 | D:5      | Your scales start taking on an icy white colour.
  4222 | D:5      | Reached skill level 8 in Ice Magic
  4222 | D:5      | Reached XP level 7. HP: 51/51 MP: 9/14
  4222 | D:5      | Gained mutation: Your flesh is cold resistant. (rC+) [White
                  | Draconian growth]
  4515 | D:5      | Found an ancient bone altar of Kikubaaqudgha.
  4521 | D:5      | Found a glowing silver altar of Zin.
  4523 | D:5      | Found a snail-covered altar of Cheibriados.
  4680 | D:5      | Reached skill level 1 in Staves
  4680 | D:5      | Reached skill level 5 in Spellcasting
  5178 | D:5      | Found a runed translucent gate.
  5179 | D:5      | Found a runed translucent gate.
  5180 | D:5      | Found a runed translucent gate.
  5181 | D:5      | Noticed Sun's ghost (weakling KoDe)
  5181 | D:5      | Noticed zarzak's ghost (novice OpFi)
  5184 | D:5      | Noticed CzarTim's ghost (novice MiFi)
  5256 | D:6      | Learned a level 4 spell: Summon Ice Beast
  5340 | D:6      | Reached XP level 8. HP: 58/58 MP: 12/16
  5396 | D:6      | Noticed a red ugly thing
  5404 | D:6      | Found a broken altar of Ashenzari.
  5567 | D:6      | Found a staircase to the Ecumenical Temple.
  6028 | D:6      | Reached skill level 9 in Ice Magic
  6032 | D:6      | Reached skill level 1 in Fighting
  6138 | D:6      | Killed a red ugly thing
  6182 | D:6      | Reached skill level 10 in Ice Magic
  6324 | D:6      | Identified the Guide on Displaced Shape Shifting
  6329 | D:6      | Learned a level 2 spell: Searing Ray
  6388 | D:7      | Reached skill level 1 in Summonings
  6393 | D:7      | Reached ** piety under Sif Muna
  6477 | D:7      | Reached skill level 1 in Invocations
  6477 | D:7      | Reached XP level 9. HP: 49/64 MP: 19/19
  6646 | D:7      | Found a transporter.
  6649 | D:7      | Noticed a moth of wrath
  6650 | D:7      | Found a bloodstained altar of Trog.
  6650 | D:7      | Noticed a troll
  6650 | D:7      | Identified the +9 giant spiked club "Nobeos" {flame, +Fly}
  6650 | D:7      | Noticed xraymikek's ghost (novice DrFE)
  6656 | D:7      | Noticed a cyclops
  6672 | D:7      | Found a transporter.
  6681 | D:7      | Found Cuarch's Jewellery Shoppe.
  6689 | D:7      | Bought an uncursed amulet of reflection for 330 gold pieces
  6698 | D:7      | Noticed Pikel
  6716 | D:7      | Killed Pikel
  7430 | D:7      | Reached skill level 11 in Ice Magic
  8087 | D:8      | Reached *** piety under Sif Muna
  8089 | D:8      | Reached skill level 1 in Shields
  8089 | D:8      | Reached XP level 10. HP: 71/71 MP: 18/22
  8165 | D:8      | Found a staircase to the Lair.
  9249 | D:9      | Reached **** piety under Sif Muna
  9255 | D:9      | Reached skill level 12 in Ice Magic
  9769 | D:10     | Entered Level 10 of the Dungeon
  9969 | D:10     | Noticed a purple ugly thing
  9977 | D:10     | Killed a purple ugly thing
 10035 | D:10     | Found Ilomor's Armour Shoppe.
 10580 | D:10     | Found a staircase to the Orcish Mines.
 10948 | Lair:1   | Entered Level 1 of the Lair of Beasts
 11073 | Lair:1   | Reached XP level 11. HP: 49/79 MP: 21/24
 11201 | Lair:1   | Noticed Erica
 11211 | Lair:1   | Killed Erica
 11212 | Lair:1   | Reached skill level 13 in Ice Magic
 11302 | Lair:1   | Reached skill level 5 in Invocations
 11374 | Lair:1   | Reached skill level 10 in Spellcasting
 12460 | Lair:2   | Noticed a six-headed hydra
 12467 | Lair:2   | Killed a six-headed hydra
 12907 | Lair:2   | Reached ***** piety under Sif Muna
 13600 | Lair:3   | Noticed Urug
 13614 | Lair:3   | Killed Urug
 13615 | Lair:3   | Reached skill level 14 in Ice Magic
 13803 | Lair:3   | Noticed a four-headed hydra
 13814 | Lair:3   | Killed a four-headed hydra
 13978 | Lair:3   | Reached XP level 12. HP: 55/89 MP: 23/26
 14343 | Lair:3   | Found a staircase to the Shoals.
 14441 | Lair:3   | Noticed a six-headed hydra
 14459 | Lair:3   | Killed a six-headed hydra
 14610 | Lair:3   | Identified Sif Muna's Handbook of Dark Snow (Sif Muna
                  | gifted it to you on level 3 of the Lair of Beasts)
 14610 | Lair:3   | Received a gift from Sif Muna
 15547 | Lair:4   | Found a gate leading to a gauntlet.
 15556 | Gauntlet | Entered a Gauntlet
 15556 | Gauntlet | Found a transporter.
 15556 | Gauntlet | Found a transporter.
 15556 | Gauntlet | Found a large runed translucent door.
 15556 | Gauntlet | Found a large runed translucent door.
 15556 | Gauntlet | Found a large runed translucent door.
 15556 | Gauntlet | Found a large runed translucent door.
 15556 | Gauntlet | Found a large runed translucent door.
 15556 | Gauntlet | Found a large runed translucent door.
 15556 | Gauntlet | Found a runed translucent door.
 15556 | Gauntlet | Found a runed translucent door.
 15556 | Gauntlet | Found a large runed translucent door.
 15556 | Gauntlet | Found a large runed translucent door.
 15556 | Gauntlet | Found a large runed translucent door.
 15556 | Gauntlet | Found a large runed translucent door.
 15556 | Gauntlet | Found a large runed translucent door.
 15556 | Gauntlet | Found a large runed translucent door.
 15666 | Gauntlet | Found a transporter.
 15666 | Gauntlet | Found a large runed translucent door.
 15666 | Gauntlet | Found a large runed translucent door.
 15666 | Gauntlet | Found a large runed translucent door.
 15666 | Gauntlet | Found a large runed translucent door.
 15671 | Gauntlet | Found a runed translucent gate.
 15671 | Gauntlet | Found a runed translucent gate.
 15671 | Gauntlet | Found a runed translucent gate.
 15675 | Gauntlet | Found a transporter.
 15700 | Gauntlet | Found a transporter.
 15700 | Gauntlet | Noticed a blizzard demon
 15704 | Gauntlet | Found a transporter.
 15708 | Gauntlet | Found a transporter.
 15714 | Gauntlet | Found a transporter.
 15714 | Gauntlet | Identified the ring of Muraloh {*Corrode +Fly rC++ MP+9
                  | Stlth+}
 15714 | Gauntlet | Noticed an entropy weaver
 15735 | Gauntlet | Found a transporter.
 15744 | Gauntlet | Found a transporter.
 15755 | Gauntlet | Found a transporter.
 15764 | Gauntlet | Found a transporter.
 15811 | Gauntlet | Found a transporter.
 15827 | Gauntlet | Found a transporter.
 15927 | Gauntlet | Found a transporter.
 15932 | Gauntlet | Noticed a queen ant
 15942 | Gauntlet | Found a transporter.
 16222 | Gauntlet | Paralysed by a floating eye for 2 turns
 16240 | Gauntlet | Got a crude short sword
 16244 | Gauntlet | Got a polished cloak
 16254 | Gauntlet | Identified the +0 cloak "Wecydoefu" {Regen+ Stlth+} (You
                  | found it in a Gauntlet)
 16298 | Gauntlet | Identified the cursed +1 short sword "Xumm" {vorpal, rN+
                  | Int+3 Dex+3} (You found it in a Gauntlet)
 16327 | Gauntlet | Slain by a wolf spider

Illustrated notes

Levels and vault maps discovered:
D:1:      sevenhm_arrival_forest_fort_large_4, layout_rooms
D:2:      layout_basic, led_sif_pool, uniq_natasha
D:3:      layout_basic, nicolae_overflow_crystal_walls, fiery_altar_vehumet,
          grunt_dithmenos_smoke_and_mirrors
D:4:      layout_loops_ring, minivault_14, uniq_menkaure, uniq_grinder,
          uniq_eustachio, uniq_duvessa
D:5:      layout_loops_ring, chequers_temple_overflow_statue_of_worship,
          gammafunk_ghost_cemetery, solitary_fountain, st_stairs_4
D:6:      minmay_clustersquares, layout_loops_ring,
          nicolae_ashenzari_panopticon, minmay_temple_entry_offerings
D:7:      layout_loops_ring, gammafunk_ghost_wrathful_warriors,
          corexii_checkpoint_a, nrook_pool_corridor,
          minmay_shop_enchanted_jewellery, minmay_fire_ice_demons, uniq_pikel
D:8:      layout_rooms, erik_lair_orcish_takeover
D:9:      layout_loops_cross
D:10:     layout_cave_pods, orc_0_dummy, serial_shops, shop
Lair:1:   layout_concentric_octagons, serial_bayou_shore_b, uniq_erica
Lair:2:   layout_regular_city, serial_bayou_pond_e, grunt_megastairs_5,
          serial_bayou_shore_b
Lair:3:   layout_loops_ring, minmay_shoals_entry_beasts, beast_lair_carwin_6,
          grunt_megastairs_3, uniq_urug
Lair:4:   beast_lair_carwin_large_1, layout_gridlike, spider_nest_entry_a,
          gauntlet_entry_generic, st_stairs_3, nicolae_lair_grove_arrangements,
          minmay_holes, forest_entry_grove
Gauntlet: gammafunk_gauntlet_branching [nicolae_gauntlet_arena_quarters,
          minmay_gauntlet_arena_make_your_own_arena,
          gammafunk_gauntlet_arena_mazey, gammafunk_gauntlet_arena_chambers,
          gammafunk_gauntlet_arena_split_x, nicolae_gauntlet_swirl,
          gammafunk_gauntlet_arena_spirals,
          gammafunk_gauntlet_arena_split_diamond, gauntlet_exit_watery]

Skill      XL: |  1  2  3  4  5  6  7  8  9 10 11 12 |
---------------+-------------------------------------+-----
Dodging        | 2 3 4 |  4.0
Ice Magic      | 5 6 8 10 11 12 14 | 14.9
Stealth        | 2 3 4 |  4.0
Spellcasting   | 3 4 5 6 8 9 10 11 | 11.5
Staves         | 1 2 3 4 |  4.1
Fighting       | 1 2 3 |  3.2
Summonings     | 1 2 3 |  3.4
Invocations    | 1 3 4 6 |  6.8
Shields        | 1 2 |  2.1
Short Blades   | |  0.1
Conjurations   | |  0.5

Action                   |  1- 3 |  4- 6 |  7- 9 | 10-12 || total
-------------------------+-------+-------+-------+-------++-------
Melee: Dagger            |    33 |    14 |       |       ||    47
       Unarmed           |     2 |       |       |       ||     2
       Tailslap          |     4 |     6 |    23 |    28 ||    61
       Short sword       |       |    12 |       |       ||    12
       Staff             |       |    10 |   123 |   172 ||   305
 Cast: Freeze            |    22 |    14 |     3 |    17 ||    56
       Frozen Ramparts   |     3 |    34 |    35 |    69 ||   141
       Summon Ice Beast  |       |       |    18 |    38 ||    56
       Hailstorm         |       |       |     1 |    15 ||    16
       Searing Ray       |       |       |     3 |     5 ||     8
Invok: Channel Magic     |       |       |     1 |       ||     1
 Abil: Breathe Frost     |       |       |       |     2 ||     2
  Use: Scroll            |       |     4 |     5 |    14 ||    23
       Potion            |       |       |       |     1 ||     1
 Stab: Sleeping          |     2 |     2 |     1 |       ||     5
       Distracted        |       |       |     1 |       ||     1
Armor: Skin              |    15 |    23 |    45 |    55 ||   138
Dodge: Dodged            |    35 |    46 |   111 |   129 ||   321
Block: Other             |       |       |    13 |    52 ||    65
       Reflection        |       |       |     3 |     4 ||     7

Table legend: (Time is in decaauts)
 A = Elapsed time spent in this place.
 B = Non-inter-level travel time spent in this place.
 C = Inter-level travel time spent in this place.
 D = Time resting spent in this place.
 E = Time spent auto-exploring this place.
 F = Levels seen in this place.
 G = Mean time per level.
                   A        B        C        D        E       F      G
               +--------+--------+--------+--------+--------+-----+--------+
         Total |  16354 |  15726 |    628 |    886 |  12051 |  15 | 1090.3 |
       Dungeon |  10974 |  10547 |    427 |    694 |   7786 |  10 | 1097.4 |
          Lair |   4610 |   4410 |    200 |      0 |   3853 |   4 | 1152.5 |
      Gauntlet |    769 |    769 |      0 |    192 |    411 |   1 |  769.0 |
               +--------+--------+--------+--------+--------+-----+--------+

Top non-repeatable levels by time:
  Lair:3: 1869 daAuts
  Lair:1: 1491 daAuts
     D:3: 1344 daAuts
     D:2: 1291 daAuts
     D:7: 1265 daAuts
     D:8: 1163 daAuts
  Lair:2: 1158 daAuts
    D:10: 1139 daAuts
     D:6: 1126 daAuts
     D:1: 1125 daAuts
     D:5: 1098 daAuts
     D:9: 1011 daAuts
Gauntlet: 769 daAuts
     D:4: 407 daAuts
  Lair:4: 91 daAuts
